 Dungeon Crawl Stone Soup version 0.29.1-13-g9f3cf754e1 (webtiles) character file.

Game seed: 1752650117173332885

57692 theswoord the Cruncher (level 14, -9/104 (114) HPs)
             Began as a Demonspawn Gladiator on Jan 26, 2023.
             Was a High Priest of Ru.
             Killed from afar by a wretched star (20 damage)
             ... with a lance of force
             ... on level 4 of the Abyss.
             The game lasted 00:48:29 (26860 turns).

theswoord the Cruncher (Demonspawn Gladiator)      Turns: 26860, Time: 00:48:29

HP:   -9/104 (114)  AC: 23    Str: 14    XL:     14   Next: 46%
MP:   8/11          EV: 10    Int: 18    God:    Ru [*****.]
Gold: 1154          SH:  0    Dex: 16    Spells: 13/13 levels left

rFire   + + +      SeeInvis +   v - +5 quarterstaff "Duypucs" {elec, rCorr Int+4}
rCold   + . .      Faith    .   (shield currently unavailable)
rNeg    . . .      Spirit   .   r - +2 chain mail {rPois}
rPois   +          Reflect  .   Q - +1 helmet {SInv}
rElec   .          Harm     .   w - scarf {rC+ rF+}
rCorr   +          Rampage  .   (gloves unavailable)
Will    +....                   g - +0 pair of boots
Stlth   ..........              (no amulet)
HPRegen 0.00/turn               q - ring of protection from fire
MPRegen 0.12/turn               O - ring of protection from fire

@: exhausted, sanguine armoured, on berserk cooldown, sick, slowed, drained,
unable to read, very slow
A: claws 3, spiny 3, no stealth, inability to use devices, hated by all,
disrupted magic 1, unskilled 1, sanguine armour 1, demonic magic 1, thin
skeletal structure 1, clever 1, [deterioration 2], [low MP 2], [weak 2],
[inability to read after injury 2]
a: Renounce Religion, Sacrifice Skill, Sacrifice Essence, Sacrifice an Eye,
Reject Sacrifices, Draw Out Power, Power Leap, Apocalypse


You were on level 4 of the Abyss.
You worshipped Ru.
Ru was extremely pleased with you.
You visited 3 branches of the dungeon, and saw 17 of its levels.
You visited the Abyss 3 times.

You collected 1154 gold pieces.

Inventory:

Hand Weapons
 a - a +1 quarterstaff
 v - the +5 quarterstaff "Duypucs" (weapon) {elec, rCorr Int+4}
   (You found it on level 11 of the Dungeon)

   It occasionally discharges a powerful burst of electricity upon striking a
   foe.
   Int:       It affects your intelligence (+4).
   rCorr:     It protects you from acid and corrosion.
Missiles
 e - a javelin
 p - 5 silver javelins (quivered)
Armour
 b - a +0 leather armour
 c - a +0 helmet
 d - +0 swamp dragon scales
 g - a +0 pair of boots (worn)
 r - a +2 chain mail of poison resistance (worn)
 w - a scarf of resistance (worn)
 K - a +1 hat
 L - a +2 hat
 Q - a +1 helmet of see invisible (worn)
Jewellery
 f - a ring of flight
 q - a ring of protection from fire (left claw)
 H - a ring of ice
 M - a ring of fire
 O - a ring of protection from fire (right claw)
Wands
 m - a wand of light (1)
 s - a wand of roots (23)
 t - a wand of mindburst (9)
 B - a wand of digging (16)
 J - a wand of charming (24)
Scrolls
 h - a scroll of noise
 n - 5 scrolls of amnesia
 z - 2 scrolls of blinking
 C - a scroll of fear
 E - 4 scrolls of magic mapping
 F - a scroll of torment
 G - 3 scrolls of identify
 N - a scroll of poison
Potions
 i - 5 potions of lignification
 j - 2 potions of degeneration
 k - a potion of invisibility
 o - 3 potions of flight
 A - a potion of might
 D - a potion of mutation
 I - 3 potions of brilliance
 P - a potion of cancellation
Miscellaneous
 u - a box of beasts


   Skills:
 + Level 11.7 Fighting
 - Level 14.0 Staves
 - Level 1.5 Throwing
 + Level 10.5 Armour
 + Level 8.8 Dodging


You had 13 spell levels left.
You didn't know any spells.
Your spell library was empty.

Dungeon Overview and Level Annotations

Branches:
Dungeon (11/15)            Temple (1/1) D:5            Lair (5/5) D:9
 Shoals (0/4) Lair:2       Spider (0/4) Lair:3        Slime (0/5) Lair:5
    Orc: D:9-12

Altars:
Ashenzari
Cheibriados
Dithmenos
Gozag
Kikubaaqudgha
Makhleb
Nemelex Xobeh
Okawaru
Qazlal
Ru
Sif Muna
Trog
Uskayaw
Vehumet
Wu Jian
Xom

Shops:
D:4 *   D:5 (


Innate Abilities, Weirdness & Mutations

You have claws for hands.
You are completely covered in sharp spines.
You cannot be stealthy.
You cannot study or use magical devices.
You are hated by all.
Your casting is slightly disrupted.
You are somewhat unskilled. (-1 Apt)
When seriously injured, your blood forms armour. (AC +6)
Spells you cast may paralyse adjacent enemies.
You have a somewhat thin skeletal structure. (Dex +2, Stealth+)
Your mind is acute. (Int +4, Str/Dex -1)
[Your body often deteriorates upon taking damage.]
[Your magical capacity is very low. (-20% MP)]
[You are very weak. (Str -4)]
[You sometimes lose the ability to read scrolls when taking damage.]


Message History

You are no longer berserk.
You are exhausted.
You feel yourself slow down.
You redirect the efreet's attack!
A raiju comes into view.
Activating: Apocalypse
Press: ? - help, Dir - look around, f - activate You reveal the great annihilating truth to your foes!
You destroy the thrashing horror!
You kill the raiju! x2; You kill the efreet!
You destroy the ancient zyme!
You kill the raiju!
You feel drained.
You hear a shout!
You hear a screech!
You hear a roar!
You hear a bark! x3
You hear a shout!
You hear a bark!
You hear a horrible gurgling sound!
You hear a bark!
You feel the corruption within you wane completely.
Your connection to magic feels less subdued.
Your magic regains its normal vibrancy.
The wretched star pulses with an eldritch light!
You feel less energetic. x2; You feel weaker. x2
The wretched star pulses with an eldritch light!
You feel yourself wasting away.
You feel your body start to fall apart.
A neqoxec comes into view.
The neqoxec shouts!
An ancient zyme comes into view.
You feel yourself growing ill in the presence of the ancient zyme.
You feel ill.
The wretched star pulses with an eldritch light!
You occasionally lose the ability to read scrolls when taking damage.
You lose the ability to read scrolls when taking damage more often.
The ancient zyme is struck by your spines.
The ancient zyme hits you!
You feel threatened and lose the ability to read scrolls!
* * * LOW HITPOINT WARNING * * *
The ancient zyme hits you.
* * * LOW HITPOINT WARNING * * *
Okay, then.
You feel better.
The wretched star glows turbulently.
The lance of force hits you!!
You die...

#. .. #.☼#. .#..
#.##†.##..†.....
#### #.... .#
#..## ..##.#..#
#...##..#.##
##..#..#.
######...#. ##
#..#..##..#.
#@*.#..##.#
##x## . .#
#..#.. ## #
..### . ##3 #. .
.. .# .#


You could see a wretched star and an ancient zyme.

Vanquished Creatures
  A tentacled monstrosity (Abyss:4)
  A lorocyproca (Abyss:4)
  7 hydras
  A catoblepas (Lair:3)
  A two-headed ogre (D:9)
  A centaur warrior (D:11)
  9 death yaks
  3 thrashing horrors (Abyss:4)
  A wretched star (Abyss:4)
  2 goliath frogs (Lair:5)
  A shadow demon (Abyss:4)
  7 wizards (D:11)
  A large abomination (Abyss:4)
  4 elephants (Lair:5)
  Maurice (D:8)
  A torpor snail (Lair:2)
  2 black mambas
  Maggie (D:7)
  2 smoke demons (Abyss:4)
  19 cane toads
  An unseen horror (D:10)
  9 rime drakes
  6 komodo dragons
  An efreet (Abyss:4)
  2 ancient zymes (Abyss:4)
  18 blink frogs
  3 polar bears
  3 tyrant leeches
  A polar bear (shapeshifter) (Abyss:4)
  A snapping turtle (Lair:2)
  19 dream sheep
  3 raiju (Abyss:4)
  A vampire (D:10)
  A wraith (D:10)
  A spriggan (D:10)
  27 yaks
  6 wyverns
  6 basilisks
  3 steam dragons
  4 vampire mosquitoes (Lair:5)
  Menkaure (D:4)
  An acid dragon (D:8)
  11 water moccasins
  2 orc warriors
  2 sky beasts (D:6)
  3 black bears
  2 ogres
  4 centaurs
  16 wolves
  A phantom (D:6)
  3 kobold brigands
  21 bullfrogs
  A gnoll sergeant (D:8)
  A small abomination (Abyss:4)
  2 scorpions
  7 wights
  16 killer bees (D:9)
  3 electric eels
  3 hounds
  4 orc priests
  5 jellies
  A gnoll bouda (D:3)
  Ijyb (D:3)
  5 orc wizards
  4 hell rats (Lair:4)
  Robin (D:2)
  8 gnolls
  6 adders
  2 ufetubi (D:6)
  2 worms (D:2)
  2 dart slugs
  20 orcs
  6 endoplasms
  2 giant cockroaches
  17 goblins
  10 hobgoblins
  4 jackals (D:3)
  4 quokkas
  4 ball pythons
  6 bats
  2 frilled lizards
  17 kobolds
  5 rats
420 creatures vanquished.

Vanquished Creatures (others)
  An elephant (Lair:5)
  A cane toad (Lair:4)
  A vampire mosquito (Lair:5)
  A hell rat (Lair:4)
  A kobold (D:10)
  17 fungi
  72 plants
  4 starspawn tentacles (Abyss:4)
98 creatures vanquished.

Grand Total: 518 creatures vanquished

Notes
Turn   | Place    | Note
-------+----------+-------------------------------------------
     0 | D:1      | theswoord the Demonspawn Gladiator began the quest for the
                  | Orb.
     0 | D:1      | Reached XP level 1. HP: 16/16 MP: 1/1
   135 | D:1      | Reached skill level 3 in Staves
   263 | D:1      | Gained mutation: You are partially covered in sharp spines.
                  | [demonic ancestry]
   263 | D:1      | Reached XP level 2. HP: 22/22 MP: 2/2
  1053 | D:2      | Reached XP level 3. HP: 16/27 MP: 3/3
  1207 | D:2      | Reached skill level 4 in Staves
  1473 | D:2      | Noticed Robin
  1719 | D:2      | Gained mutation: Spells you cast may paralyse adjacent
                  | enemies. [demonic ancestry]
  1719 | D:2      | Reached XP level 4. HP: 28/33 MP: 4/4
  1728 | D:2      | Killed Robin
  2038 | D:2      | Found an ancient bone altar of Kikubaaqudgha.
  2427 | D:3      | Noticed Ijyb
  2434 | D:3      | Killed Ijyb
  2435 | D:3      | Reached skill level 5 in Staves
  2468 | D:3      | Found a stormy altar of Qazlal.
  2495 | D:3      | Found a faded altar of an unknown god.
  2513 | D:3      | Gained mutation: When seriously injured, your blood forms
                  | armour. (AC +6) [demonic ancestry]
  2513 | D:3      | Reached XP level 5. HP: 32/38 MP: 5/5
  3736 | D:4      | Found Aliechuo's Gadget Gallery.
  3770 | D:4      | Reached skill level 6 in Staves
  3778 | D:4      | Noticed Menkaure
  3787 | D:4      | Killed Menkaure
  3788 | D:4      | Reached XP level 6. HP: 44/44 MP: 6/6
  4165 | D:4      | Reached skill level 7 in Staves
  4495 | D:5      | Entered Level 5 of the Dungeon
  4507 | D:5      | Noticed a steam dragon
  4518 | D:5      | Killed a steam dragon
  4519 | D:5      | Reached XP level 7. HP: 48/50 MP: 7/7
  4687 | D:5      | Reached skill level 8 in Staves
  5149 | D:5      | Found Jegh's Weapon Emporium.
  5196 | D:5      | Found a staircase to the Ecumenical Temple.
  5206 | Temple   | Entered the Ecumenical Temple
  5316 | Temple   | Became a worshipper of Ru the Awakened
  5791 | D:6      | Reached skill level 9 in Staves
  5791 | D:6      | Gained mutation: You have sharp fingernails. [demonic
                  | ancestry]
  5791 | D:6      | Reached XP level 8. HP: 31/56 MP: 8/8
  6193 | D:6      | Reached skill level 10 in Staves
  6846 | D:6      | Found a burning altar of Makhleb.
  7129 | D:6      | Reached skill level 11 in Staves
  7205 | D:7      | Noticed Maggie
  7223 | D:7      | Killed Maggie
  7224 | D:7      | Reached XP level 9. HP: 30/61 MP: 9/9
  7620 | D:7      | Gained mutation: Your casting is slightly disrupted. [Ru
                  | sacrifice]
  7975 | D:7      | Reached skill level 12 in Staves
  8166 | D:8      | Reached skill level 1 in Armour
  8671 | D:7      | Gained mutation: Your mind is acute. (Int +4, Str/Dex -1)
                  | [potion of mutation]
  8671 | D:7      | Gained mutation: You have a somewhat thin skeletal
                  | structure. (Dex +2, Stealth+) [potion of mutation]
  9263 | D:8      | Reached XP level 10. HP: 57/71 MP: 10/10
  9517 | D:8      | Reached skill level 13 in Staves
  9783 | D:8      | Noticed Maurice
  9815 | D:8      | Killed Maurice
 10301 | D:9      | Found a staircase to the Lair.
 10402 | D:9      | Found a large runed translucent door.
 10416 | D:9      | Noticed a two-headed ogre
 10426 | D:9      | Killed a two-headed ogre
 10427 | D:9      | Reached skill level 5 in Fighting
 11200 | D:9      | Found a large runed translucent door.
 11403 | D:9      | Found a snail-covered altar of Cheibriados.
 11473 | D:10     | Entered Level 10 of the Dungeon
 11518 | D:10     | Gained mutation: You are somewhat unskilled. (-1 Apt) [Ru
                  | sacrifice]
 11518 | D:10     | Reduced skill Staves to level 12
 11518 | D:10     | Reached * piety under Ru
 12297 | D:10     | Gained mutation: You are mostly covered in sharp spines.
                  | [demonic ancestry]
 12297 | D:10     | Reached XP level 11. HP: 62/80 MP: 11/11
 12530 | D:10     | Reached skill level 13 in Staves
 12755 | Lair:1   | Entered Level 1 of the Lair of Beasts
 13144 | Lair:1   | Reached skill level 5 in Armour
 14048 | Lair:1   | Noticed a six-headed hydra
 14058 | Lair:1   | Killed a six-headed hydra
 14544 | Lair:2   | Gained mutation: You cannot study or use magical devices.
                  | [Ru sacrifice]
 14544 | Lair:2   | Reached ** piety under Ru
 14544 | Lair:2   | Reached *** piety under Ru
 14544 | Lair:2   | Reached **** piety under Ru
 14881 | Lair:2   | Noticed a four-headed hydra
 14889 | Lair:2   | Killed a four-headed hydra
 14890 | Lair:2   | Reached skill level 14 in Staves
 15109 | Lair:2   | Found a staircase to the Shoals.
 15557 | Lair:2   | Gained mutation: You are completely covered in sharp
                  | spines. [demonic ancestry]
 15557 | Lair:2   | Reached XP level 12. HP: 91/91 MP: 12/12
 16598 | Lair:3   | Found a hole to the Spider Nest.
 17125 | Lair:3   | Noticed an eight-headed hydra
 17243 | Lair:3   | Killed an eight-headed hydra
 17571 | Lair:3   | Noticed an eight-headed hydra
 17948 | Lair:3   | Killed an eight-headed hydra
 18270 | Lair:3   | Noticed a catoblepas
 18292 | Lair:3   | Killed a catoblepas
 18559 | Lair:3   | Noticed a seven-headed hydra
 18567 | Lair:3   | Killed a seven-headed hydra
 19092 | Lair:4   | Gained mutation: You are hated by all. [Ru sacrifice]
 19092 | Lair:4   | Reached ***** piety under Ru
 19185 | Lair:4   | Noticed a six-headed hydra
 19196 | Lair:4   | Killed a six-headed hydra
 19197 | Lair:4   | Reached skill level 5 in Dodging
 20568 | Lair:4   | Noticed a seven-headed hydra
 20569 | Lair:4   | Killed a seven-headed hydra
 20570 | Lair:4   | Gained mutation: You have very sharp fingernails. [demonic
                  | ancestry]
 20570 | Lair:4   | Reached XP level 13. HP: 82/101 MP: 4/13
 20891 | Lair:5   | Entered Level 5 of the Lair of Beasts
 22299 | Lair:4   | Reached skill level 10 in Fighting
 22995 | Lair:5   | Gained mutation: You cannot be stealthy. [Ru sacrifice]
 23109 | Lair:5   | Found a staircase to the Slime Pits.
 24992 | Lair:5   | Gained mutation: You have claws for hands. [demonic
                  | ancestry]
 24992 | Lair:5   | Reached XP level 14. HP: 28/112 MP: 14/14
 25808 | Abyss:3  | Cast into level 3 of the Abyss (a wizard)
 25824 | Abyss:3  | Noticed an ophan
 25995 | D:11     | Escaped the Abyss
 26016 | Abyss:4  | Cast into level 4 of the Abyss (a wizard)
 26058 | Abyss:4  | Noticed a starcursed mass
 26066 | Abyss:4  | Reached skill level 10 in Armour
 26066 | Abyss:4  | Noticed a tentacled starspawn
 26103 | Abyss:4  | Noticed a tentacled monstrosity
 26129 | D:11     | Escaped the Abyss
 26412 | D:11     | Found the +3 warlock's mirror {reflect}
 26427 | D:11     | Identified the +5 quarterstaff "Duypucs" {elec, rCorr
                  | Int+4}
 26517 | Abyss:4  | Noticed a tentacled monstrosity
 26517 | Abyss:4  | Cast into level 4 of the Abyss (a wizard)
 26542 | Abyss:4  | Noticed a tentacled starspawn
 26642 | Abyss:4  | Noticed a tentacled monstrosity
 26689 | Abyss:4  | Noticed a tentacled monstrosity
 26700 | Abyss:4  | Killed a tentacled monstrosity
 26753 | Abyss:4  | Found a corrupted altar of Lugonu.
 26753 | Abyss:4  | Found a corrupted altar of Lugonu.
 26753 | Abyss:4  | Found a corrupted altar of Lugonu.
 26859 | Abyss:4  | HP: 5/104 [ancient zyme (4)]
 26860 | Abyss:4  | Killed from afar by a wretched star

Skill      XL: |  1  2  3  4  5  6  7  8  9 10 11 12 13 14 |
---------------+-------------------------------------------+-----
Staves         | 3 4 5 6 7 9 11 12 12 14 | 14.0
Armour         | 2 4 6 8 9 10 | 10.5
Fighting       | 3 5 7 9 11 | 11.7
Dodging        | 5 7 8 |  8.8
Throwing       | |  1.5

Action                   |  1- 3 |  4- 6 |  7- 9 | 10-12 | 13-15 || total
-------------------------+-------+-------+-------+-------+-------++-------
Melee: Quarterstaff      |    81 |    94 |   258 |   708 |   509 ||  1650
Throw: Throwing net      |       |     1 |     3 |       |       ||     4
       Javelin           |       |       |       |    34 |       ||    34
Invok: Sacrifice Essence |       |       |     1 |       |       ||     1
       Sacrifice Skill   |       |       |       |     1 |       ||     1
       Sacrifice Artific |       |       |       |     1 |       ||     1
       Draw Out Power    |       |       |       |     2 |     5 ||     7
       Apocalypse        |       |       |       |     1 |     1 ||     2
       Sacrifice Love    |       |       |       |     1 |       ||     1
       Sacrifice Stealth |       |       |       |       |     1 ||     1
Evoke: Wand              |       |       |     5 |     4 |       ||     9
       Box of beasts     |       |       |       |     1 |       ||     1
  Use: Scroll            |     3 |     6 |    11 |     4 |    17 ||    41
       Potion            |     2 |     1 |     6 |     6 |     5 ||    20
 Stab: Held in net/web   |       |     1 |     2 |       |       ||     3
       Invisible         |       |       |       |     4 |     9 ||    13
       Distracted        |       |       |       |     2 |     1 ||     3
       Paralysed         |       |       |       |       |     3 ||     3
       Petrifying        |       |       |       |       |     2 ||     2
Armor: Leather armour    |    20 |     5 |       |       |       ||    25
       Chain mail        |       |    44 |   117 |   324 |   203 ||   688
Dodge: Dodged            |    41 |    35 |    73 |   228 |   159 ||   536

Levels and vault maps discovered:
D:1:      shiori_arrival_maze, layout_loops_ring, serial_glass, glass_columns_a,
          glass_columns_a, glass_columns_b, glass_columns_a, glass_columns_b,
          glass_columns_a
D:2:      layout_loops_ring, basic_altar, uniq_robin
D:3:      layout_basic, nicolae_qazlal_scattered_showers,
          ebering_ecumenical_altar_abandoned, minmay_misc_feat_cross, uniq_ijyb
D:4:      layout_basic, nicolae_shop_gadgets, uniq_menkaure
D:5:      layout_cave_pods, minmay_temple_entry_stoned_glass, serial_shops, shop
D:6:      layout_cave_pools, lemuel_coloured_pillars_altar
D:7:      layout_rooms, nicolae_elyvilon_temple_path, serial_rivers,
          chequers_serial_rivers_marsh, chequers_serial_rivers_small_b,
          chequers_serial_rivers_micro_e, chequers_serial_rivers_small_b,
          chequers_serial_rivers_small_b, uniq_maggie
D:8:      layout_rooms, serial_aquarium, aquarium_bridge_square
          [aquarium_subvault_bridge, aquarium_subvault_bridge,
          aquarium_subvault_window, aquarium_subvault_bridge],
          aquarium_window_fake, aquarium_window_corridor_2,
          aquarium_window_corner, aquarium_view_2b, aquarium_balcony_3a,
          aquarium_pool_side, uniq_maurice
D:9:      layout_irregular_city, jmf_multi_god_temple2, lair_entry_dummy,
          grunt_decor_cap, minmay_liquid_box, fungi_pond_lemuel
D:10:     layout_irregular_city, the_hattery
D:11:     minmay_smoke_and_mirrors, layout_cave_pools
Temple:   minmay_crystal_spiral_temple
Lair:1:   layout_roguey
Lair:2:   layout_hall_layers, minmay_shoals_entry_hut, lemuel_fruit_tree
Lair:3:   layout_cave_shapes, dummy_spider_entry
Lair:4:   layout_cave_pods, special_room [special_room_mythical_zoo],
          infiniplex_staircase_pool, serial_bayou_shore_a, grunt_megastairs_1
Lair:5:   minmay_lair_end_frog_pond, layout_hall_layers, slime_entry_1
Abyss:4:  base: D:1, spicy_abyss_rude_harpoons, hangedman_decor_lopped,
          evilmike_nicolae_abyss_rune_containment_curve,
          evilmike_abyss_rune_tso_outpost,
          evilmike_nicolae_abyss_rune_containment_curve, hangedman_abyss_sting,
          serial_sigils_hangedman_quiver,
          dshaligram_kb_abyss_rune_zappy_water_cross, base: D:5,
          evilmike_abyss_exit_glass, evilmike_abyss_rune_siren_acolytes,
          evilmike_abyss_exit_2, hangedman_abyss_lost_library,
          hangedman_abyss_or_decor_passed, base: D:8, evilmike_abyss_exit_chaos,
          minivault_5, hangedman_decor_lopped, minivault_20,
          evilmike_abyss_exit_vortex, spicy_abyss_rude_harpoons,
          bh_abyss_negative, evilmike_nicolae_abyss_rune_betentacled_crabyss,
          evilmike_abyss_exit_14
